 Dungeon Crawl Stone Soup version 0.19-a0-1193-g2641e52 (webtiles) character file.

92 Gorice the Cutter (level 4, 0/24 HPs)
             Began as a Kobold Enchanter on Aug 19, 2016.
             Slain by an orc wizard
             ... wielding a +0 dagger
              (3 damage)
             ... on level 3 of the Dungeon.
             The game lasted 00:12:03 (3619 turns).

Gorice the Cutter (Kobold Enchanter)                Turns: 3619, Time: 00:12:04

Health: 0/24       AC:  8    Str:  7    XL:     4   Next: 90%
Magic:  7/7        EV: 13    Int: 13    God:
Gold:   126        SH:  0    Dex: 16    Spells: 1 memorised, 6 levels left

rFire  . . .     SeeInvis .     l - -1 hunting sling (curse)
rCold  . . .     Gourm    .     e - +1 ring mail
rNeg   . . .     Faith    .     (shield restricted)
rPois  .         Spirit   .     y - +0 helmet
rElec  .         Dismiss  .     q - +0 cloak
rCorr  .         Reflect  .     (no gloves)
MR     .....     Harm     .     (no boots)
Stlth  ++........               (no amulet)
                                p - ring of wizardry
                                Y - ring of stealth

@: confused
A: carnivore 3
a: no special abilities


You were on level 3 of the Dungeon.
You were completely stuffed.

You visited 1 branch of the dungeon, and saw 3 of its levels.

You collected 130 gold pieces.
You donated 4 gold pieces to Zin.

Inventory:

Hand Weapons
 a - a +1 dagger
 i - a +0 long sword
 l - a cursed -1 hunting sling (weapon)
 s - a +0 short sword
 u - a +0 falchion
Missiles
 h - 23 bolts
 m - 35 poisoned needles
 t - 12 sling bullets (quivered)
 w - 5 tomahawks
 Z - 79 stones
Armour
 b - a +1 robe
 e - a +1 ring mail (worn)
 k - a cursed +0 buckler
 q - a +0 cloak (worn)
 y - a +0 helmet (worn)
Jewellery
 p - a ring of wizardry (right hand)
 Y - a ring of stealth (left hand)
Scrolls
 f - a scroll of enchant armour
 n - a scroll of amnesia
 r - a scroll of noise {!r}
Potions
 g - 2 potions of flight
 j - 2 potions of curing
 o - 3 potions of might {unknown}
 v - 2 potions of agility {unknown}
 z - a potion of heal wounds {!q}
 A - a potion of cancellation {unknown}
 B - a potion of lignification {unknown}
Books
 c - a book of Maledictions
Comestibles
 d - a meat ration {!e}


   Skills:
 - Level 4.9 Short Blades
 * Level 0.2 Slings
 + Level 1.4 Armour
 - Level 2.4 Dodging
 - Level 4.0 Stealth
 - Level 2.0 Spellcasting
 - Level 3.0 Hexes


You had 6 spell levels left.
You knew the following spells:

 Your Spells              Type           Power        Failure   Level  Hunger
a - Corona                Hex            #......      10%         1    ##.....


Dungeon Overview and Level Annotations

Branches:
Dungeon (3/15)

Altars:
Ashenzari
Fedhas
Zin


Innate Abilities, Weirdness & Mutations

You are small and have problems with some larger weapons.
You are carnivorous and can eat meat at any time.


Message History

Aim: an orc (hasn't noticed you, chance to defeat MR: 81%)
The orc shouts!
The orc is outlined in light.
The orc wizard mumbles some strange words.
The orc wizard flickers and vanishes!
Deactivating autopickup; reactivate with Ctrl-A.
The orc stops glowing.
Firing (i - inventory. (,) - cycle):
t - 15 sling bullets (quivered)
Press: ? - help, Shift-Dir - straight line, f/p - orc
Aim: an orc You shoot a sling bullet.
The sling bullet hits the orc.
The orc is heavily wounded.
Firing (i - inventory. (,) - cycle):
t - 14 sling bullets (quivered)
Press: ? - help, Shift-Dir - straight line, f/p - orc
Aim: an orc (heavily wounded)
You shoot a sling bullet. The sling bullet hits the orc.
You kill the orc!
You are confused.
You bump into the rock wall.
All of the chunks of flesh in your inventory have rotted away.
A puff of flame appears from out of thin air!
The puff of flame hits you!
Damage: 8 (max 8)
You hear some strange, mumbled words.
You are more confused.
You bump into the rock wall.
Something hits you.
* * * LOW HITPOINT WARNING * * *
Damage: 4 (max 8)
You miss something. Something barely misses you. Something hits you.
* * * LOW HITPOINT WARNING * * *
Damage: 2 (max 8)
You bump into the rock wall.
Something hits you but does no damage.
You bump into the rock wall.
You hear some strange, mumbled words.
Something tries to affect you, but you resist.
You bump into the rock wall.
Something hits you but does no damage.
You're too confused to move!
You hear some strange, mumbled words.
A puff of flame appears from out of thin air!
The puff of flame hits you!
* * * LOW HITPOINT WARNING * * *
Your magical contamination has completely faded away.
Damage: 7 (max 8) Firing (i - inventory. (,) - cycle):
t - 13 sling bullets (quivered)
Press: ? - help, Shift-Dir - straight line, f - orc
Aim: an orc, wielding a war axe and wearing a leather armour You shoot a sling bullet.
The sling bullet closely misses the orc.
Something hits you.
You die...

.......#####...#####.......####..
.......# #...# #####.####....
....)%.# #...# #.# #.### .......#
#...# #.####.### ....#### #...#
#......... >...# #...# #####..#.#
..#.# ##.## #..#.# .>..#
#.##############..... #.###
#...@.o(...(=..#.#### #.#
########.#####.#.#### ..# .#
#..... ### o# ###### o# {# .. .#


You could see an orc.

Vanquished Creatures
  3 adders (D:2)
  A worm (D:2)
  3 giant geckos (D:1)
  An orc (D:3)
  8 bats
  10 hobgoblins
  6 jackals (D:1)
  A ball python (D:2)
  2 giant newts
  4 goblins
  9 kobolds
  9 rats
57 creatures vanquished.

Notes
Turn   | Place    | Note
-------+----------+-------------------------------------------
     0 | D:1      | Gorice the Kobold Enchanter began the quest for the Orb.
     0 | D:1      | Reached XP level 1. HP: 10/10 MP: 3/3
    54 | D:1      | Reached skill level 2 in Short Blades
    57 | D:1      | HP: 2/10 [kobold/whip (5)]
   341 | D:1      | Reached XP level 2. HP: 7/15 MP: 0/5
   551 | D:1      | Reached skill level 3 in Short Blades
   826 | D:1      | HP: 4/15 [jackal (3)]
   834 | D:1      | HP: 1/15 [jackal (3)]
   836 | D:1      | Reached XP level 3. HP: 2/19 MP: 1/6
   915 | D:1      | HP: 5/19 [hobgoblin/club (2)]
  1377 | D:1      | HP: 4/19 [jackal (3)]
  1383 | D:1      | HP: 1/19 [jackal (3)]
  1665 | D:1      | Reached skill level 4 in Short Blades
  1797 | D:2      | Found a faded altar of an unknown god.
  1816 | D:2      | Became a worshipper of Zin the Law-Giver
  1816 | D:2      | Reached * piety under Zin
  1909 | D:2      | Learned a level 1 spell: Corona
  1932 | D:2      | Reached XP level 4. HP: 17/24 MP: 5/7
  1937 | D:2      | Reached skill level 1 in Armour
  2356 | D:2      | Found a shattered altar of Ashenzari.
  2553 | D:2      | Fell from the grace of Zin
  3056 | D:2      | HP: 4/24 [worm (10)]
  3113 | D:2      | Found a blossoming altar of Fedhas.
  3618 | D:3      | HP: 3/24 [something/puff of flame (7)]
  3619 | D:3      | Slain by an orc wizard

Vault maps used:
D:1:      scummos_arrival_simple_crosswalls
D:2:      lemuel_round_altar, marbit_many_paths, ecumenical_altar_1
D:3:      first_bread

Skill      XL: |  1  2  3  4 |
---------------+-------------+-----
Short Blades   | 2 3 4 |  4.9
Armour         | 1 |  1.4
Slings         | |  0.2
Dodging        | |  2.4
Stealth        | |  4.0
Spellcasting   | |  2.0
Hexes          | |  3.0

Action                   |  1- 3 |  4- 6 || total
-------------------------+-------+-------++-------
Melee: Dagger            |   185 |    52 ||   237
       Hunting sling     |       |     1 ||     1
 Fire: Hunting sling     |       |    38 ||    38
Throw: Stone             |     2 |       ||     2
 Cast: Corona            |    26 |    10 ||    36
Invok: Renounce Religion |       |     1 ||     1
  Use: Scroll            |     3 |     3 ||     6
       Potion            |     1 |     1 ||     2
 Stab: Distracted        |     1 |     1 ||     2
       Sleeping          |     2 |     5 ||     7
  Eat: Chunk             |    13 |     5 ||    18
Armor: Ring mail         |    73 |    17 ||    90
Dodge: Dodged            |   158 |    37 ||   195

Table legend:
 A = Turns spent in this place as a percentage of turns spent in the entire game.
 B = Non-inter-level travel turns spent in this place as a percentage of non-inter-level travel turns spent in the entire game.
 C = Inter-level travel turns spent in this place as a percentage of turns spent in this place.
 D = Turns resting spent in this place as a percentage of non-inter-level travel turns spent in this place.
 E = Turns spent auto-exploring this place as a percentage of non-inter-level travel turns spent in this place.
 F = Non-inter-level travel turns spent in this place divided by the number of levels of this place that you've seen.
                   A       B       C       D       E      F
               +-------+-------+-------+-------+-------+----------------------
         Total | 100.0 | 100.0 |   0.2 |   2.2 |   4.5 | 434.0
       Dungeon | 100.0 | 100.0 |   0.2 |   2.2 |   4.5 | 434.0
               +-------+-------+-------+-------+-------+----------------------

Vault maps used:
D:1:      scummos_arrival_simple_crosswalls
D:2:      lemuel_round_altar, marbit_many_paths, ecumenical_altar_1
D:3:      first_bread
